 Dungeon Crawl Stone Soup version 0.27-a0-808-g60bc5d92e6 (webtiles) character file.

Game seed: 4863801343415355057

133 dolemite99 the Grave Robber (level 4, -3/24 HPs)
             Began as a Deep Elf Necromancer on Mar 29, 2021.
             Was an Initiate of Fedhas.
             Slain by a water moccasin skeleton (5 damage)
             ... on level 4 of the Dungeon.
             The game lasted 00:04:45 (3493 turns).

dolemite99 the Grave Robber (Deep Elf Necromancer)  Turns: 3493, Time: 00:04:46

Health: -3/24      AC:  3    Str:  6    XL:     4   Next: 93%
Magic:  10/10      EV: 12    Int: 20    God:    Fedhas [......]
Gold:   71         SH:  0    Dex: 15    Spells: 0/9 levels left

rFire    . . .     SeeInvis .   r - +0 trident
rCold    . . .     Faith    .   (no shield)
rNeg     . . .     Spirit   .   a - +0 robe
rPois    .         Reflect  .   (no helmet)
rElec    .         Harm     .   (no cloak)
rCorr    .         Rampage  .   (no gloves)
Will     .....                  s - +0 pair of boots
Stlth    ++........             (no amulet)
HPRegen  0.08/turn              (no ring)
MPRegen  0.12/turn              (no ring)

@: no status effects
A: no striking features
a: Renounce Religion


You were on level 4 of the Dungeon.
You worshipped Fedhas.
Fedhas was noncommittal.
You visited 1 branch of the dungeon, and saw 5 of its levels.

You collected 281 gold pieces.
You spent 210 gold pieces at shops.

Inventory:

Hand Weapons
 d - a +0 dagger
 h - a +1 whip of venom
 o - a +0 hunting sling
 r - a +0 trident (weapon)
Missiles
 b - 48 arrows
 e - 156 stones
 i - 14 poisoned darts (quivered)
 m - 21 bolts
 p - 24 sling bullets
Armour
 a - a +0 robe (worn)
 s - a +0 pair of boots (worn)
Wands
 q - a wand of flame (18)
Scrolls
 f - a scroll of enchant weapon {unknown}
 k - 2 scrolls of identify {@r1}
 l - a scroll of noise {unknown}
 n - a scroll of fog
 t - 2 scrolls of teleportation
 u - a scroll of holy word
Potions
 c - a potion of lignification {unknown}
 j - 2 potions of curing {unknown}


   Skills:
 - Level 2.4 Dodging
 - Level 2.4 Stealth
 - Level 3.0 Spellcasting
 + Level 7.6 Necromancy


You couldn't memorise any spells.
You knew the following spells:

 Your Spells              Type           Power      Damage    Failure   Level
a - Pain                  Necr           100%       1d9       1%          1
b - Animate Skeleton      Necr           66%        N/A       1%          1
c - Vampiric Draining     Necr           16%        2d8       1%          3
d - Animate Dead          Necr           16%        N/A       6%          4

Your spell library contained the following spells:

 Spells                   Type           Power      Damage    Failure   Level
 Beastly Appendage        Tmut           6%         N/A       14%         1
 Agony                    Necr           33%        N/A       17%         5
 Wereblood                Tmut           3%         N/A       22%         2
 Spider Form              Tmut/Pois      1%         N/A       38%         3
 Ice Form                 Ice/Tmut       3%         N/A       80%         4
 Blade Hands              Tmut           1%         N/A       98%         5


Dungeon Overview and Level Annotations

Branches:
Dungeon (5/15)
 Temple: D:4-7

Altars:
Fedhas
Sif Muna

Shops:
D:3 ?   D:4 (


Message History

The water moccasin skeleton is heavily damaged.
The water moccasin skeleton bites you. x2
Okay, then.
You hit the water moccasin skeleton.
The water moccasin skeleton is severely damaged.
The water moccasin skeleton bites you.
You barely miss the water moccasin skeleton.
The water moccasin skeleton is severely damaged.
The water moccasin skeleton bites you.
The water moccasin skeleton barely misses you.
You feel much better.
The water moccasin skeleton closely misses you.
You hit the water moccasin skeleton.
The water moccasin skeleton is severely damaged.
The water moccasin skeleton misses you.
You closely miss the water moccasin skeleton.
The water moccasin skeleton is severely damaged.
The water moccasin skeleton closely misses you.
The water moccasin skeleton bites you.
You hit the water moccasin skeleton.
The water moccasin skeleton is almost destroyed.
The water moccasin skeleton barely misses you.
The water moccasin skeleton bites you.
You hit the water moccasin skeleton.
The water moccasin skeleton is almost destroyed.
The water moccasin skeleton bites you!
You hit the water moccasin skeleton.
The water moccasin skeleton is almost destroyed.
The water moccasin skeleton bites you. x2
You barely miss the water moccasin skeleton.
The water moccasin skeleton is almost destroyed.
The water moccasin skeleton bites you.
* * * LOW HITPOINT WARNING * * *
You barely miss the water moccasin skeleton.
The water moccasin skeleton is almost destroyed.
The water moccasin skeleton bites you.
* * * LOW HITPOINT WARNING * * *
The water moccasin skeleton bites you.
You die...
Fedhas appreciates your contribution to the ecosystem.

...⌠.⌠.......
#Z.∩......#.
#⌠.⌠####... ##.#
##.# ####.######.#
#####.........#.#
####.........>##.#.#
#.######............
#..@Z.........######
##########...##
##.## ###


You could see a water moccasin skeleton.

Vanquished Creatures
  Ijyb (D:3)
  4 adders
  A worm (D:3)
  7 ball pythons
  4 endoplasms
  2 giant cockroaches (D:3)
  5 goblins
  6 hobgoblins
  8 jackals
  2 quokkas (D:1)
  6 bats
  7 frilled lizards
  9 kobolds
  8 rats
70 creatures vanquished.

Vanquished Creatures (others)
  4 plants (D:4)
4 creatures vanquished.

Grand Total: 74 creatures vanquished

Notes
Turn   | Place    | Note
-------+----------+-------------------------------------------
     0 | D:1      | dolemite99 the Deep Elf Necromancer began the quest for the
                  | Orb.
     0 | D:1      | Reached XP level 1. HP: 10/10 MP: 6/6
   171 | D:1      | Reached skill level 5 in Necromancy
   418 | D:1      | Reached XP level 2. HP: 11/15 MP: 5/8
  1004 | D:1      | Learned a level 1 spell: Animate Skeleton
  1456 | D:1      | Reached skill level 6 in Necromancy
  1474 | D:1      | Reached XP level 3. HP: 12/19 MP: 4/9
  2374 | D:3      | Noticed Ijyb
  2384 | D:3      | Killed Ijyb
  2385 | D:3      | Reached skill level 7 in Necromancy
  2385 | D:3      | Reached XP level 4. HP: 17/24 MP: 3/10
  2544 | D:3      | Learned a level 3 spell: Vampiric Draining
  2670 | D:3      | Learned a level 4 spell: Animate Dead
  2701 | D:3      | Found a blossoming altar of Fedhas.
  2716 | D:3      | Became a worshipper of Fedhas Madash
  2957 | D:3      | Found a shimmering blue altar of Sif Muna.
  3086 | D:3      | Found Junges's Magic Scroll Shop.
  3109 | D:3      | Bought a scroll of fog for 24 gold pieces
  3109 | D:3      | Bought a scroll of identify for 24 gold pieces
  3109 | D:3      | Bought a scroll of teleportation for 36 gold pieces
  3109 | D:3      | Bought a scroll of holy word for 90 gold pieces
  3109 | D:3      | Bought a scroll of teleportation for 36 gold pieces
  3348 | D:3      | You fall into a shaft and drop 1 floor!
  3416 | D:4      | Found Qociz's Weapon Boutique.
  3431 | D:5      | Entered Level 5 of the Dungeon
  3481 | D:4      | HP: 1/24 [water moccasin skeleton (3)]
  3493 | D:4      | Slain by a water moccasin skeleton

Illustrated notes

Levels and vault maps discovered:
D:1:      lightli_iron_boxes, layout_basic, minmay_tall_x
D:2:      layout_rooms, solitary_fountain
D:3:      layout_loops_ring, lemuel_doored_altar, led_sif_book, serial_shops,
          shop_coins, uniq_ijyb
D:4:      layout_loops_ring, serial_shops, nicolae_shop_crystal, shop_fountains,
          nicolae_shop_waterfront, nicolae_shop_trees,
          nicolae_shop_overgrown_old_shop, tso_altar
D:5:      layout_basic, kennysheep_mini, demons_altar, serial_shops,
          nicolae_shop_window_shopping

Skill      XL: |  1  2  3 |
---------------+----------+-----
Necromancy     | 5 6 7 |  7.6
Dodging        | |  2.4
Stealth        | |  2.4
Spellcasting   | |  3.0

Action                   |  1- 3 |  4- 6 || total
-------------------------+-------+-------++-------
Melee: Whip              |    11 |    10 ||    21
       Trident           |       |    14 ||    14
Throw: Dart              |     3 |       ||     3
 Cast: Pain              |    61 |    37 ||    98
       Animate Skeleton  |     8 |     6 ||    14
       Animate Dead      |       |     1 ||     1
  Use: Potion            |       |     3 ||     3
       Scroll            |       |     1 ||     1
Armor: Robe              |     3 |     5 ||     8
Dodge: Dodged            |    15 |    23 ||    38

Table legend: (Time is in decaauts)
 A = Elapsed time spent in this place.
 B = Non-inter-level travel time spent in this place.
 C = Inter-level travel time spent in this place.
 D = Time resting spent in this place.
 E = Time spent auto-exploring this place.
 F = Levels seen in this place.
 G = Mean time per level.
                   A        B        C        D        E       F      G
               +--------+--------+--------+--------+--------+-----+--------+
         Total |   3497 |   3460 |     37 |    885 |   1878 |   5 |  699.4 |
       Dungeon |   3497 |   3460 |     37 |    885 |   1878 |   5 |  699.4 |
               +--------+--------+--------+--------+--------+-----+--------+

Top non-repeatable levels by time:
     D:1: 1737 daAuts
     D:3: 991 daAuts
     D:2: 619 daAuts
     D:4: 147 daAuts
     D:5: 1 daAuts
